[Event "CCC-IM 2022"]
[Site "Ballerup"]
[Date "2022.05.26"]
[Round "2.5"]
[White "Rostgaard, Tobias Valentin"]
[Black "Kenneskog, Theodor"]
[Result "1-0"]
[ECO "D04"]
[WhiteElo "2339"]
[BlackElo "2296"]
[Annotator "TA"]
[PlyCount "133"]
[EventDate "2022.05.25"]
[EventType "tourn"]
[EventCountry "DEN"]
[SourceTitle "playchess.com"]
[Source "ChessBase"]
[SourceQuality "1"]
[TimeControl "5400+30"]

1. d4 Nf6 2. Nf3 d5 3. e3 c5 4. c3 Nc6 5. dxc5 a5 6. Bb5 {[%emt 0:03:08] D05: Colle System with ...e6.} e6 7. Nd4 (7. b4 $14) 7... Bd7 8. b4 {[%emt 0:11:56] [#] The position is equal.} axb4 $146 ({Predecessor:} 8... Qc8 9. Bb2 e5 10. Bxc6 Bxc6 11. Nxc6 Qxc6 12. a3 Be7 13. Nd2 b6 14. cxb6 O-O {1-0 (48) Hartung,J (2191)-Pejic,I (1900) Rijeka 2010}) 9. Bxc6 bxc6 10. cxb4 Qb8 11. a3 Be7 12. Nc3 h5 (12... e5 $11 13. Nb3 O-O) 13. b5 (13. Nf3 $14) 13... cxb5 (13... Qb7 $142) 14. c6 $11 Bc8 15. Ndxb5 (15. Rb1 $11) 15... Qb6 $15 16. c7 Ne4 17. Qd4 Qxd4 18. exd4 Nxc3 $1 19. Nxc3 Bb4 20. Bd2 Kd7 21. O-O Bxc3 22. Bxc3 Ba6 23. Rfb1 Kxc7 24. Bd2 Kd7 25. Bf4 Rhc8 26. h4 Ra7 27. a4 Bd3 28. Rb3 Bc2 29. Rg3 g6 ({Don't do} 29... Rxa4 30. Rxa4 Bxa4 31. Rxg7 $16) 30. a5 Rc4 31. Rga3 Ra6 (31... Rxd4 $2 32. Be3 e5 33. a6 $18 (33. Bxd4 exd4 34. Kf1 d3 $18)) 32. Be3 Rc7 33. R1a2 Bf5 34. Rb2 Rc2 35. Rb5 Rc7 36. Bf4 Rca7 37. Bb8 Ra8 38. Rb7+ Kc8 (38... Kd8 $14) 39. Rab3 $16 {[%emt 0:00:29] Hoping for Rc7+. 0x0.001259da0ceddp-1022s more active pieces.} Rxa5 {[%emt 0:00:09] [#]} 40. Rc7+ ({White should play} 40. Rxf7 $1 $16 {[%cal Ob3b7] Strongly threatening Rbb7!} Ra4 (40... Ra1+ 41. Kh2) 41. Rc7+ Kd8 42. Rg7 Ra1+ 43. Kh2) 40... Kd8 $11 41. Rxf7 {[%emt 0:00:13] White wants to mate with Rbb7.} Ra1+ 42. Kh2 Rb1 $1 43. Rxb1 Bxb1 {[%emt 0:00:02][%mdl 4096] Endgame KRB-KRB} 44. Ba7 {[%emt 0:00:40] Black must now prevent Rf8+.} Ke8 {[%emt 0:01:33] Inhibits Rf8+.} 45. Rb7 Bf5 46. Bc5 Ra2 47. Kg3 Kd8 48. Rg7 Kc8 49. Kf3 Rc2 50. Kf4 Rxf2+ 51. Ke5 Rxg2 52. Kd6 {[%emt 0:00:23] Kc6 would kill now.} Ra2 $2 {[%emt 0:00:51][%mdl 8192] [#] Loses the game.} (52... Bc2 $11) 53. Kc6 $1 {[%emt 0:00:44][%cal Rg7g8] White mates.} Ra6+ 54. Bb6 Rxb6+ 55. Kxb6 {[%emt 0:00:06] KR-KB} Kd8 56. Kc6 Ke8 57. Kd6 Kf8 58. Ra7 Ke8 59. Ke5 Kf8 60. Kf6 Ke8 61. Rf7 Kd8 62. Re7 Bg4 63. Rxe6 Bxe6 64. Kxe6 Ke8 {[%emt 0:02:27] [#]} 65. Kf6 $1 Kd7 66. Kxg6 Ke6 67. Kg5 {[%emt 0:00:08] Weighted Error Value: White=0.13 (very precise) /Black=0.18 (very precise)} 1-0

[Event "CCC-IM 2022"]
[Site "Ballerup"]
[Date "2022.05.26"]
[Round "3.1"]
[White "Nielsen, Thomas Bach"]
[Black "Seegert, Kristian"]
[Result "1/2-1/2"]
[ECO "A57"]
[WhiteElo "2189"]
[BlackElo "2209"]
[Annotator "TA"]
[PlyCount "61"]
[EventDate "2022.05.25"]
[EventType "tourn"]
[EventCountry "DEN"]
[SourceTitle "playchess.com"]
[Source "ChessBase"]
[SourceQuality "1"]
[TimeControl "5400+30"]

1. d4 Nf6 2. c4 c5 3. d5 b5 4. cxb5 a6 5. b6 e6 6. Nc3 Nxd5 7. Nxd5 exd5 8. Qxd5 Nc6 9. e4 Be7 10. Bc4 O-O 11. Nf3 Rb8 12. O-O Rxb6 13. b3 d6 {[%emt 0:00:31] A57: Benko/Volga Gambit.} 14. Bb2 Be6 15. Qd3 Bxc4 16. Qxc4 Bf6 17. Bxf6 Qxf6 18. Rad1 Re8 {[%emt 0:01:15] [#]} 19. Rd2 $146 ({Predecessor:} 19. Rd3 Ne5 20. Qa4 Qe7 21. Rd5 Nd7 22. Nd2 Nf6 23. Rd3 Qb7 24. f3 d5 25. exd5 Rb4 26. Qc6 Rd8 27. Qxb7 Rxb7 28. d6 {1-0 (28) Miton,K (2623)-Licznerski,L (2265) Trzcianka 2012}) 19... h6 20. Rfd1 Re6 21. h3 Qf4 22. Re2 Rb4 23. Qxa6 Rbxe4 24. Rxe4 Qxe4 25. Qd3 (25. Qc8+ {seems wilder.} Kh7 26. Qc7 Rg6 27. Rxd6 Qxf3 28. Rxg6 Qd1+ 29. Kh2) 25... Qxd3 26. Rxd3 $15 {[%emt 0:00:04] KRN-KRN} Nb4 27. Rd2 Kf8 28. Kf1 Ke7 29. a3 Nc6 30. Re2 d5 31. Ke1 {[%emt 0:02:05] Weighted Error Value: White=0.10 (very precise) /Black=0.06 (flawless)} 1/2-1/2

[Event "CCC-IM 2022"]
[Site "Ballerup"]
[Date "2022.05.26"]
[Round "3.2"]
[White "Jacobsen, Mikkel Manosri"]
[Black "Rostgaard, Tobias Valentin"]
[Result "1-0"]
[ECO "D00"]
[WhiteElo "2251"]
[BlackElo "2339"]
[Annotator "TA"]
[PlyCount "99"]
[EventDate "2022.05.25"]
[EventType "tourn"]
[EventCountry "DEN"]
[SourceTitle "playchess.com"]
[Source "ChessBase"]
[SourceQuality "1"]
[TimeControl "5400+30"]

1. d4 d5 2. Bf4 Nf6 3. e3 e6 4. Nd2 Bd6 5. Bg3 b6 6. Ngf3 {[%emt 0:01:18] D00: 1 d4 d5: Unusual lines.} Bb7 7. a4 {[%emt 0:00:15] [#]} a6 $146 ({Predecessor:} 7... a5 8. Bb5+ c6 9. Bd3 Bxg3 10. hxg3 Nbd7 11. Ne5 Nxe5 12. dxe5 Nd7 13. Qg4 g6 {½-½ (37) Graf,F (2478)-Votava,J (2524) Austria 2016}) 8. Be2 {[%emt 0:01:35] The position is equal.} O-O 9. O-O c5 10. c3 Nc6 11. Ne5 Ne7 12. f4 Nf5 13. Bf2 Be7 14. a5 cxd4 15. exd4 bxa5 16. Nb3 Ne4 17. Nxa5 Qc7 18. Qa4 Bc8 {[%emt 0:05:23] Prevents Qd7.} 19. Bd3 Rb8 20. Qc6 Qa7 21. Bxe4 dxe4 22. Qxe4 {[%emt 0:00:18] Strongly threatening Nec6.} (22. g4 $5 Nh6 23. Nac4 $16 (23. Qxe4 Rxb2 24. Nac4 Rb3 $11)) 22... Rxb2 23. Nd3 {[%emt 0:08:11] Pair of Knights!} Rd2 (23... Rc2 $11 {remains equal.}) 24. Rfb1 $1 $16 Qc7 25. Be1 $1 Qxc3 26. Bxd2 Qxd2 27. Nc6 Bd6 28. Rb2 Qc3 29. Rc1 Qa3 {[%emt 0:00:12] [#]} 30. Nce5 $1 $36 {[%emt 0:02:48][%mdl 2048] Prevents Bd7. White is in control. White is more active.} Qa5 {[%emt 0:10:06] [#] Loses the game.} (30... Bxe5 $16 {keeps fighting.} 31. dxe5 (31. fxe5 Bd7 $16) 31... Bd7) 31. Rbc2 $1 $18 Bxe5 32. Qxe5 ({Don't do} 32. dxe5 $6 Qb6+ 33. Nc5 Rd8 $16) ({Don't play} 32. fxe5 $6 Bd7 33. Nc5 Qd8 $16) 32... Qxe5 33. Nxe5 ({Don't take} 33. dxe5 Bd7 34. Nc5 Bb5) 33... Bb7 (33... Nxd4 {was worth a try.} 34. Rxc8 Ne2+ 35. Kf2 Nxc1 36. Rxc1 Ra8) 34. Rc7 Bd5 35. Nd7 {[%emt 0:00:46] Threatens to win with Rc8.} g5 36. Nxf8 Kxf8 37. fxg5 Nxd4 38. Kf2 {[%emt 0:00:28] Against Ne2} Nb5 39. Rd7 {[%emt 0:01:24] Rc8+ is the strong threat.} Kg7 (39... Ke8 $142 40. Rxd5 exd5) 40. Rc8 Be4 41. g4 h6 42. gxh6+ Kxh6 43. Rxf7 {[%emt 0:01:33] Black must now prevent Rf6+.} Kg6 {[%emt 0:00:37] Against Rf6+} 44. Rcf8 {[%emt 0:00:26] Intending Rf6+ and mate.} Bd5 45. Rf6+ Kg7 46. R8f7+ Kg8 47. Ke3 (47. Rd7 $142 Nc3 48. Ke3 Ne4 49. Rg6+ Kh8 50. h4 Nc5 51. Rdg7 Be4 52. Rg8+ Kh7 53. R6g7+ Kh6 54. g5+ Kh5 55. Kf4 e5+ 56. Kg3 Bf5 57. Rh8+ Bh7 58. Rhxh7#) 47... Nd6 48. Rd7 {[%emt 0:00:14] White mates.} Ne4 49. Rg6+ Kf8 50. Kd4 {[%emt 0:00:22] Weighted Error Value: White=0.10 (very precise) /Black=0.57} 1-0

[Event "CCC-IM 2022"]
[Site "Ballerup"]
[Date "2022.05.26"]
[Round "3.3"]
[White "Kistrup, Nicolai"]
[Black "Ahlander, Bjorn"]
[Result "1/2-1/2"]
[ECO "E08"]
[WhiteElo "2306"]
[BlackElo "2375"]
[Annotator "TA"]
[PlyCount "78"]
[EventDate "2022.05.25"]
[EventType "tourn"]
[EventCountry "DEN"]
[SourceTitle "playchess.com"]
[Source "ChessBase"]
[SourceQuality "1"]
[TimeControl "5400+30"]

1. d4 Nf6 2. c4 e6 3. g3 d5 4. Bg2 Be7 5. Nf3 O-O 6. O-O c6 7. Qc2 Nbd7 8. b3 b6 9. Rd1 Ba6 10. Nbd2 Rc8 11. e4 c5 12. exd5 exd5 13. Nf1 {[%emt 0:01:46] E09: Closed Catalan: Main Line: 7 Qc2 c6 8 Nbd2.} dxc4 {[%emt 0:12:46] has lost popularity (13...cxd4).} 14. d5 $1 {[%emt 0:05:02] [#]} Ng4 $146 ({Predecessor:} 14... cxb3 15. axb3 Bxf1 16. Bxf1 Qc7 17. Bb5 Ne8 18. Re1 Bf6 19. Ng5 Bxg5 20. Bxg5 Nd6 {½-½ (47) Khalifman,A (2651)-Mokshanov,A (2429) Tiumen 2012}) 15. bxc4 {[%emt 0:04:21] White is better.} Bf6 16. Rb1 Nde5 17. Nxe5 Nxe5 18. Ne3 {[%emt 0:01:05] And now Qa4 would win.} Qd7 {[%emt 0:00:25] Inhibits Qa4.} 19. Bb2 {[%emt 0:07:02] Strongly threatening f4.} Rfe8 {[%emt 0:05:15] [#]} (19... Rce8 $14) 20. Be4 $1 $16 g6 21. f4 (21. d6 $16) 21... Nxc4 $1 $14 22. Nxc4 Bd4+ 23. Bxd4 cxd4 24. Rxd4 {[%emt 0:01:02] Black must now prevent a4.} b5 {[%emt 0:01:41] Against a4} 25. Ne5 Rxe5 {[%emt 0:00:04] [#]} 26. Qd3 ({Reject} 26. fxe5 Rxc2 27. Bxc2 Qc7 $15) 26... Ree8 27. Qa3 {[%emt 0:00:28] Inhibits Qd6.} ({White should play} 27. d6 $16) 27... Bb7 $11 {[%emt 0:01:11][%cal Oe8e4] The position is equal.} 28. Qxa7 Rxe4 {[%emt 0:01:57][%mdl 64] Remove Defender} 29. Rxe4 {[%emt 0:00:11] Hoping for Rd1.} Qxd5 30. Rbe1 f5 31. Re8+ Rxe8 32. Rxe8+ {[%emt 0:00:04][%mdl 4096] Endgame KQR-KQB} Kf7 33. Re2 {[%emt 0:00:16] Inhibits Qg2+. Threatens to win with Kf2.} Qh1+ 34. Kf2 Qxh2+ 35. Ke1 Qxg3+ 36. Kd1 Qd3+ 37. Ke1 {[%emt 0:01:31] Chess con chili.} Qg3+ 38. Kd1 Qd3+ 39. Ke1 Qg3+ {[%emt 0:00:31] Weighted Error Value: White=0.07 (flawless) /Black=0.04 (flawless)} 1/2-1/2

[Event "CCC-IM 2022"]
[Site "Ballerup"]
[Date "2022.05.26"]
[Round "3.4"]
[White "Sahl, Bjarke"]
[Black "Casper Yukun Liu"]
[Result "0-1"]
[ECO "A05"]
[WhiteElo "2312"]
[BlackElo "2218"]
[Annotator "TA"]
[PlyCount "103"]
[EventDate "2022.05.25"]
[EventType "tourn"]
[EventCountry "DEN"]
[SourceTitle "playchess.com"]
[Source "ChessBase"]
[SourceQuality "1"]
[TimeControl "5400+30"]

1. Nf3 Nf6 2. b3 d5 3. e3 Bf5 4. Bb2 e6 5. Be2 h6 6. O-O Nbd7 7. c4 c6 {[%emt 0:00:01] A06: Réti Opening: 1 Nf3 d5.} 8. d3 a5 9. a3 {[%emt 0:04:32] [#]} Nc5 $146 {[%emt 0:05:38] The position is equal.} ({Predecessor:} 9... Bd6 10. Qc1 O-O 11. Bc3 e5 12. Qb2 Re8 13. Nbd2 Qc7 14. b4 e4 15. dxe4 dxe4 {0-1 (24) Tsotsonava,E (1887)-Seifert,H (2159) Chess.com INT 2021}) 10. b4 (10. Nd4 $11) 10... dxc4 $1 $15 11. bxc5 {[%emt 0:14:50] Strongly threatening d4.} cxd3 12. Bd4 dxe2 13. Qxe2 Nd7 14. Rc1 Bg4 15. e4 Bxf3 16. Qxf3 Qg5 17. Qe3 (17. Qc3 $15) 17... Rd8 (17... Qxe3 $17 18. Bxe3 O-O-O) 18. f4 $1 Qh5 $40 {[%emt 0:00:21][%mdl 128] Black is up to no good.} 19. e5 b6 (19... g5 $1 $17 20. f5 Qg4 21. fxe6 fxe6) 20. Nd2 (20. cxb6 $11 {was the only way to keep the balance.} c5 21. Bc3 Nxb6 22. Nd2) 20... Bxc5 $1 $17 ({Much worse is} 20... bxc5 $6 21. Bc3 $11) (20... Nxc5 $6 21. Ne4 $11) 21. Ne4 O-O $1 {[%emt 0:03:21] White must now prevent ...Bxd4.} 22. Bxc5 Nxc5 ({Weaker is} 22... bxc5 23. g3 $15) 23. Nxc5 bxc5 24. h3 (24. Qxc5 $17 {keeps fighting.} Rd2 25. Qxc6) 24... Rd4 25. Rxc5 Rfd8 26. Rxc6 Qg6 {[%emt 0:02:35] ...Rd2 is the strong threat.} 27. Kh2 (27. Rc3 $17 {was worth a try.}) 27... Rd2 28. Qg3 {[%emt 0:01:12] [#]} (28. Qf3 $17) 28... Qe4 $1 $19 29. Rc3 Rb2 30. Qf3 Qf5 ({Black should try} 30... Qxf3 $19 31. Rxf3 Rdd2) 31. Qg4 $17 Qxg4 {[%emt 0:06:13] Black is more active.} 32. hxg4 {[%emt 0:00:26][%mdl 4096] Endgame KRR-KRR} Rdd2 33. Rg1 Ra2 ({Better is} 33... Rf2 $17 34. Kg3 g5 35. fxg5 hxg5) 34. f5 {[%emt 0:05:42] [#]} (34. Rc8+ $1 $11 Kh7 35. Rc7) 34... Re2 ({Black should play} 34... Rd4 $1 35. Kh3 Re2 36. fxe6 fxe6) 35. Rc8+ Kh7 {[%emt 0:00:01] Threatens to win with ...exf5.} 36. Rc7 $1 exf5 (36... Rxe5 $17 37. Rxf7 exf5 38. Rxf5 Rxf5 39. gxf5 Rxa3) 37. gxf5 $11 Rxe5 38. Rf1 Ree2 39. Rxf7 Rxg2+ ({Don't take} 39... Rxa3 40. f6 Re8 41. Rxg7+ Kh8 42. Rg6 $11) 40. Kh3 Rgf2 41. Rxf2 Rxf2 {[%emt 0:00:02] KR-KR} 42. Kg4 $1 Rg2+ 43. Kf3 Ra2 44. f6 $2 {[%emt 0:00:22][%mdl 8192] This move loses the game for White.} (44. Ra7 $11) 44... Rxa3+ 45. Kg4 Kg6 $1 46. Rxg7+ Kxf6 {[%emt 0:00:02] Black mates.} 47. Ra7 Ra4+ 48. Kh5 Ra1 49. Ra6+ Kf5 50. Kxh6 a4 51. Ra5+ Ke4 52. Kg7 {Weighted Error Value: White=0.55/Black=0.17 (very precise)} 0-1

[Event "CCC-IM 2022"]
[Site "Ballerup"]
[Date "2022.05.26"]
[Round "3.5"]
[White "Kenneskog, Theodor"]
[Black "Brynell, Stellan"]
[Result "0-1"]
[ECO "C11"]
[WhiteElo "2296"]
[BlackElo "2401"]
[Annotator "TA"]
[PlyCount "114"]
[EventDate "2022.05.25"]
[EventType "tourn"]
[EventCountry "DEN"]
[SourceTitle "playchess.com"]
[Source "ChessBase"]
[SourceQuality "1"]
[TimeControl "5400+30"]

1. e4 e6 2. d4 d5 3. Nc3 Nf6 4. e5 Nfd7 5. f4 c5 6. Nf3 Nc6 7. Be3 cxd4 8. Nxd4 Bc5 9. Qd2 O-O 10. O-O-O a6 11. Nb3 b6 {[%emt 0:02:10] C11: French: Classical System: 4 e5 and 4 Bg5 dxe4.} 12. h4 Bb7 13. h5 Qe7 {[%emt 0:11:54] The position is equal.} 14. Kb1 {[%emt 0:08:44] [#]} Rac8 $146 ({Predecessor:} 14... h6 15. Rg1 Rfd8 16. Ne2 a5 17. g4 f6 18. g5 hxg5 19. Ned4 gxf4 20. Bxf4 Ncxe5 21. Bh3 Kh8 22. Rg6 Bb4 23. Qh2 Nf8 24. Bxe5 fxe5 25. Nxe6 {1-0 (25) Sferle,M (2509)-Castro Salguero,R (2411) ICCF email 2015}) 15. Ne2 (15. h6 $14 Bxe3 16. Qxe3) 15... f6 $11 16. exf6 Nxf6 17. Ned4 Ne4 18. Qe1 Nxd4 19. Nxd4 e5 20. fxe5 Qxe5 21. Rh3 {[%emt 0:17:23] Prevents Ng3.} (21. Bd3 $11) 21... Nf2 {[%emt 0:13:59] Black is more active.} 22. Bxf2 Qxe1 {[%emt 0:00:50][%mdl 64] Remove Defender} 23. Rxe1 Rxf2 24. c3 Rcf8 25. Rf3 $1 Bc8 26. Rxf2 Rxf2 27. Bd3 Bd7 {[%emt 0:06:18] Inhibits Re8+.} 28. Re5 Rxg2 29. Rxd5 Ba4 {[%emt 0:03:13] [#]} (29... Bg4 $11 {remains equal.}) 30. b3 (30. b4 $1 $16 Be7 31. Bc4 (31. Bxa6 Bg5 $14)) 30... Be8 31. Bc4 $1 Rg1+ 32. Kc2 Rg2+ 33. Kd1 Kf8 34. Ne6+ Ke7 35. Nxc5 bxc5 $14 {[%emt 0:00:18][%mdl 4096] Endgame KRB-KRB} 36. Re5+ Kd8 37. a4 Rh2 38. Rd5+ Ke7 39. Rxc5 Bxh5+ 40. Ke1 Bf3 41. Rc7+ Kd6 42. Rxg7 a5 (42... Bd5 $14) 43. Rg3 $16 Be4 44. Rg5 h5 45. Rxa5 h4 46. Rh5 {[%emt 0:01:08] Hoping for a5.} Bf3 {[%emt 0:00:16] [#]} 47. Rh6+ (47. Rf5 $1 $16 Bg4 48. Rd5+ Kc7 49. Rc5+ Kd6 50. Rd5+ Kc7 51. Rg5) 47... Ke5 $11 48. a5 {[%emt 0:01:22] And now a6 would win.} Kf4 49. a6 Ke3 {[%emt 0:00:56] Threatens to win with ...Ra2.} 50. Re6+ Be4 $1 {[%emt 0:00:23] aiming for ...Ra2.} 51. b4 Rb2 52. Rxe4+ $1 Kxe4 {[%emt 0:00:01] KR-KB} 53. Bf1 $2 (53. a7 Rb1+ 54. Kf2 Ra1 $17) (53. Kd1 $11 Rg2 54. b5 (54. a7 $2 Rg1+ 55. Ke2 Ra1 $19)) 53... Ke3 {[%emt 0:00:34][%cal Rb2b1] Black mates.} 54. Kd1 Rb1+ {[%emt 0:00:22][%mdl 64] Skewer} 55. Kc2 Rxf1 56. b5 h3 57. a7 Ra1 {[%emt 0:00:23] Black used his chance.  Weighted Error Value: White=0.29 (precise) /Black=0.14 (very precise)} 0-1

[Event "CCC-IM 2022"]
[Site "Ballerup"]
[Date "2022.05.27"]
[Round "4.1"]
[White "Ahlander, Bjorn"]
[Black "Sahl, Bjarke"]
[Result "1-0"]
[ECO "D37"]
[WhiteElo "2375"]
[BlackElo "2312"]
[Annotator "TA"]
[PlyCount "79"]
[EventDate "2022.05.25"]
[EventType "tourn"]
[EventCountry "DEN"]
[SourceTitle "playchess.com"]
[Source "ChessBase"]
[SourceQuality "1"]
[TimeControl "5400+30"]

1. d4 Nf6 2. c4 e6 3. Nc3 d5 4. Nf3 Be7 5. Bg5 Nbd7 6. e3 a6 7. cxd5 {[%emt 0:02:11] is the legacy move (7.Rc1).} exd5 8. Bd3 Nf8 {[%emt 0:03:33] D53: Queen's Gambit Declined: 4 Bg5 Be7: Early deviations.} 9. Ne5 Ne6 10. Bh4 c6 11. O-O g6 {[%emt 0:04:10] [#]} 12. f3 $146 ({Predecessor:} 12. Qb3 O-O 13. Rad1 Ng7 14. Rfe1 Ra7 15. f3 Nf5 16. Bf2 c5 17. dxc5 Bxc5 18. Na4 {1-0 (24) Pultinevicius,P (2512)-Bonin,J (2236) Chess.com INT 2020}) 12... Nd7 13. Bxe7 Qxe7 14. f4 f5 15. Nf3 O-O 16. Kh1 Nc7 17. Qd2 Ne8 18. Ne5 Ndf6 19. Qf2 Nd6 20. h3 Be6 21. Rg1 Rae8 22. g4 Nde4 23. Bxe4 dxe4 24. Rac1 Nd7 25. Nxd7 Qxd7 26. g5 Kf7 27. Kg2 Rh8 28. h4 h6 29. Rh1 Qd8 30. b4 Rh7 31. Qb2 hxg5 32. hxg5 Reh8 33. Qa1 Rh4 {[%emt 0:02:17] [#] ( -> ...Rg4+)} 34. d5 {[%emt 0:03:20] And now Rxh4 would win.} cxd5 (34... Bxd5 $2 35. Rxh4 Rxh4 36. Nxd5 $18) 35. Ne2 {[%emt 0:00:19] Strongly threatening Rxh4. Dancing on a razor blade.} Rxh1 36. Rxh1 Rxh1 37. Kxh1 d4 38. Nxd4 Qh8+ 39. Kg2 Bc4 40. Qc3 {[%emt 0:00:39][%mdl 32768] Weighted Error Value: White=0.06 (flawless) /Black=0.07 (flawless) . Loss on time!?} (40. Qc1 $5 b5 41. Nc6 $11) 1-0

[Event "CCC-IM 2022"]
[Site "Ballerup"]
[Date "2022.05.27"]
[Round "4.2"]
[White "Seegert, Kristian"]
[Black "Kistrup, Nicolai"]
[Result "0-1"]
[ECO "C77"]
[WhiteElo "2209"]
[BlackElo "2306"]
[Annotator "TA"]
[PlyCount "42"]
[EventDate "2022.05.25"]
[EventType "tourn"]
[EventCountry "DEN"]
[SourceTitle "playchess.com"]
[Source "ChessBase"]
[SourceQuality "1"]
[TimeControl "5400+30"]

1. e4 e5 2. Nf3 Nc6 3. Bb5 a6 4. Ba4 Nf6 5. d3 b5 6. Bb3 Bc5 7. O-O d6 8. c3 O-O {[%emt 0:11:48] 8...h6 is the fancy move.} 9. Bg5 {[%emt 0:01:25] C78: Ruy Lopez: Archangelsk and Möller Defences.} h6 10. Bh4 g5 {[%emt 0:18:37] [#]} 11. Nxg5 {[%emt 0:00:10] White is slightly better. was the old line (11.Bg3).} hxg5 12. Bxg5 {[%emt 0:00:06] [#] And now Bd5 would win.} Kh7 $146 (12... Kg7 $11 {keeps the balance.}) ({Predecessor:} 12... Kg7 13. a4 Rb8 14. axb5 axb5 15. Qf3 Rh8 16. Bd5 Bd7 17. b4 Bb6 18. Na3 Qe7 {½-½ (42) Gurevich,D (2460)-Avrukh,B (2592) Chicago 2017}) 13. Bd5 $2 (13. Qf3 $16 Kg7 14. Bd5) 13... Rg8 $1 $17 ({But not} 13... Bd7 14. Qf3 Kg7 15. h4 $11 (15. Bh4 Rh8 $15)) 14. Bxf6 ({Don't blunder} 14. Bxc6 $2 Rxg5 $1 15. Bxa8 Bh3 $19) 14... Qxf6 15. Qh5+ Kg7 16. Bxc6 Rh8 $36 {[%emt 0:08:54][%mdl 2048] Keeping White busy. Really sharp!} 17. Qxh8+ (17. Qf3 $17 Qxf3 18. gxf3) 17... Kxh8 $19 18. Bxa8 {[%emt 0:00:02] [#]} Qg5 $1 {[%emt 0:00:12] Threatens to win with ...Bh3.} 19. Kh1 $2 (19. h4 Qxh4 20. Nd2) 19... Bxf2 $1 20. Na3 (20. Rd1 $142) 20... Qh4 {[%emt 0:00:21] ( -> ...Bg3)} 21. Rxf2 Qxf2 {[%emt 0:00:05] Weighted Error Value: White=0.86/Black=0.17 (very precise)} 0-1

[Event "CCC-IM 2022"]
[Site "Ballerup"]
[Date "2022.05.27"]
[Round "4.3"]
[White "Rostgaard, Tobias Valentin"]
[Black "Brynell, Stellan"]
[Result "1/2-1/2"]
[ECO "D04"]
[WhiteElo "2339"]
[BlackElo "2401"]
[Annotator "TA"]
[PlyCount "121"]
[EventDate "2022.05.25"]
[EventType "tourn"]
[EventCountry "DEN"]
[SourceTitle "playchess.com"]
[Source "ChessBase"]
[SourceQuality "1"]
[TimeControl "5400+30"]

1. d4 Nf6 2. Nf3 d5 3. e3 c5 4. c4 e6 5. Nc3 Nc6 6. a3 a6 7. dxc5 Bxc5 8. b4 Bd6 9. Bb2 O-O 10. Rc1 dxc4 {[%emt 0:10:01] D40: Queen's Gambit Declined: Semi-Tarrasch with 5 e3.} 11. Bxc4 b5 12. Bd3 Bb7 13. Ne4 Nxe4 14. Bxe4 Rc8 15. O-O Qe7 16. Qe2 Rfd8 (16... Na5 $5 ) 17. Rfd1 Bb8 (17... Na5 $5) 18. Rxd8+ Qxd8 {[%emt 0:00:17] [#]} 19. g3 $146 ({Predecessor:} 19. Rd1 Qe7 20. Rd2 Rd8 21. Kf1 h6 22. Qd1 Rxd2 23. Qxd2 Qd6 24. Qc2 {1-0 (51) Werner,D (2380)-Knick,P Germany 1987}) 19... f5 20. Bb1 ({Better is} 20. Rd1 $14 Qe7 21. Bb1) 20... Ne5 $1 $11 21. Rxc8 Nxf3+ 22. Qxf3 Qxc8 23. Qd1 Qc6 {[%emt 0:05:57][%csl Gb7][%cal Rc6g2] [#]} 24. Qd8+ Kf7 25. e4 $1 Bd6 26. Qg5 Bf8 27. f3 h6 28. Qe3 Bc8 (28... a5 $11) 29. Bd3 {[%emt 0:02:31] White is more active.} ({Much weaker is} 29. exf5 exf5 30. h3 Qe6 $11) (29. Kg2 $16) 29... Be7 30. exf5 exf5 31. Kg2 (31. Bxg7 $5 Bg5 32. f4 $11) 31... Bg5 32. Qe2 Qd5 33. a4 Bd7 34. a5 Bc6 35. Bb1 Qd2 {[%emt 0:02:18] Prevents Bc3.} 36. Kf1 Qxe2+ (36... Bd5 {is interesting.} 37. Bd3 Qxe2+ 38. Kxe2 g6) 37. Kxe2 {[%emt 0:00:09][%mdl 4096] Endgame KBB-KBB} Be7 38. Ba2+ Ke8 39. Bxg7 Bxb4 40. Bxh6 {[%emt 0:00:10] aiming for h4.} Bxa5 41. Bg7 Bc7 {[%emt 0:00:34] [#]} (41... Bb4 $11 {keeps the balance.}) 42. h4 $1 $16 Bxg3 43. h5 Bd6 $1 44. h6 {[%emt 0:00:05][%mdl 1024] Bd4 would kill now. White has compensation.} Bf8 45. f4 (45. Ke3 $1 $14 b4 46. Kf4) 45... Ke7 {[%emt 0:04:02] The position is equal.} 46. Ke3 {[%emt 0:03:49] And now Kd4 would win.} Be8 $1 47. Kd4 {[%emt 0:03:46] Strongly threatening Ke5.} Bg6 48. Ke5 Bh7 $1 49. Bd5 b4 50. Bb3 a5 51. Bf6+ Ke8 52. Bg7 {[%emt 0:01:04] Kf6 is the strong threat.} Ke7 53. Bxf8+ Kxf8 $11 {[%emt 0:00:01] KB-KB} 54. Kf6 a4 $1 55. Bxa4 {[%emt 0:00:12] Intending Bb3 and mate.} Kg8 56. Bb3+ Kh8 $1 57. Bc2 Bg8 58. Bxf5 {[%emt 0:00:19] Black must now prevent Bd3.} Bh7 $1 {[%emt 0:00:48] ( -> ...Bxf5)} 59. Be6 {[%emt 0:00:41] Threatens to win with f5.} Bc2 60. Ke5 b3 61. Bxb3 {Weighted Error Value: White=0.08 (flawless) /Black=0.08 (flawless)} 1/2-1/2